2969 views
Uploaded 2020-02-14 20:24:19
Game version 1.32 / 1.32.1
25:14 long 3on3 ladder game on (6)BloodstoneMesa_LV
Saved by BEARAND
2969 views
Uploaded 2020-02-14 20:24:19
Game version 1.32 / 1.32.1
25:14 long 3on3 ladder game on (6)BloodstoneMesa_LV


85 units @ 6.8k
/ 0.5k
183 buildings @ 18.3k
/ 9.7k



| Staff of Sanctuary | 3 | 750 |
| Potion of Mana | 1 | 200 |
| Potion of Healing | 1 | 150 |
| Staff of Teleportation | 3 | 450 |
| Boots of Speed | 3 | 750 |
| Potion of Invisibility | 1 | 100 |
| Healing Salve | 3 | 300 |
| Orb of Lightning | 2 | 750 |
| Tiny Great Hall | 1 | 600 |
| total: | 18 | 4050g |
| Peasant | 19 | 1425 | / | 0 |
| Priest | 1 | 135 | / | 10 |
| total: | 20 | 1560g | / | 10w |
| Scout Tower | 70 | 2100 | / | 1400 |
| Arcane Tower | 6 | 420 | / | 300 |
| Guard Tower | 56 | 3920 | / | 2800 |
| Altar of Kings | 2 | 360 | / | 100 |
| Farm | 11 | 880 | / | 220 |
| Lumber Mill | 3 | 360 | / | 0 |
| Town Hall | 2 | 770 | / | 410 |
| Arcane Vault | 5 | 650 | / | 150 |
| Arcane Sanctum | 1 | 150 | / | 140 |
| Keep | 1 | 320 | / | 210 |
| Castle | 1 | 360 | / | 210 |
| total: | 94 | 5270g | / | 2420w |
| 0:01 | Peasant |
| 0:01 | Peasant |
| 0:07 | Altar of Kings |
| 0:17 | Farm |
| 0:19 | Peasant |
| 0:23 | Scout Tower |
| 0:35 | Peasant |
| 0:35 | Peasant |
| 0:38 | Scout Tower |
| 0:42 | Farm |
| 0:45 | Peasant |
| 1:00 | Peasant |
| 1:04 | Lumber Mill |
| 1:13 | Peasant |
| 1:23 | Peasant |
| 1:29 | Scout Tower |
| 1:32 | Scout Tower |
| 1:35 | Arcane Tower |
| 1:42 | Peasant |
| 1:42 | Peasant |
| 1:44 | Peasant |
| 1:50 | Scout Tower |
| 1:54 | Scout Tower |
| 1:56 | Scout Tower |
| 2:03 | Arcane Tower |
| 2:04 | Scout Tower |
| 2:13 | Blizzard |
| 2:18 | Guard Tower |
| 2:29 | Guard Tower |
| 2:30 | Scout Tower |
| 2:32 | Guard Tower |
| 2:56 | Guard Tower |
| 2:57 | Scout Tower |
| 2:57 | Scout Tower |
| 2:58 | Scout Tower |
| 2:58 | Scout Tower |
| 2:59 | Scout Tower |
| 3:00 | Guard Tower |
| 3:01 | Scout Tower |
| 3:24 | Keep |
| 3:33 | Scout Tower |
| 3:40 | Staff of Teleportation |
| 3:40 | Boots of Speed |
| 3:47 | Farm |
| 3:48 | Farm |
| 3:50 | Improved Masonry |
| 3:52 | Healing Salve |
| 3:59 | Guard Tower |
| 4:11 | Guard Tower |
| 4:13 | Guard Tower |
| 4:16 | Scout Tower |
| 4:18 | Guard Tower |
| 4:20 | Guard Tower |
| 4:29 | Guard Tower |
| 4:44 | Brilliance Aura |
| 4:55 | Guard Tower |
| 4:56 | Scout Tower |
| 4:57 | Scout Tower |
| 4:58 | Guard Tower |
| 5:00 | Scout Tower |
| 5:01 | Scout Tower |
| 5:01 | Scout Tower |
| 5:02 | Scout Tower |
| 5:19 | Scout Tower |
| 5:20 | Scout Tower |
| 5:33 | Guard Tower |
| 5:34 | Guard Tower |
| 5:35 | Guard Tower |
| 5:51 | Blizzard |
| 5:55 | Guard Tower |
| 6:16 | Guard Tower |
| 6:59 | Guard Tower |
| 7:03 | Castle |
| 7:12 | Guard Tower |
| 7:20 | Healing Salve |
| 7:27 | Town Hall |
| 7:37 | Scout Tower |
| 7:38 | Scout Tower |
| 7:45 | Scout Tower |
| 7:45 | Scout Tower |
| 7:58 | Storm Bolt |
| 8:19 | Guard Tower |
| 8:21 | Arcane Sanctum |
| 8:23 | Advanced Masonry |
| 8:37 | Guard Tower |
| 8:39 | Scout Tower |
| 8:42 | Scout Tower |
| 8:43 | Scout Tower |
| 8:43 | Scout Tower |
| 8:44 | Scout Tower |
| 8:47 | Scout Tower |
| 8:47 | Scout Tower |
| 8:48 | Scout Tower |
| 8:48 | Scout Tower |
| 8:49 | Scout Tower |
| 8:55 | Staff of Teleportation |
| 8:55 | Boots of Speed |
| 9:38 | Guard Tower |
| 10:10 | Guard Tower |
| 10:10 | Guard Tower |
| 10:11 | Arcane Tower |
| 10:14 | Arcane Vault |
| 10:27 | Arcane Vault |
| 10:36 | Guard Tower |
| 10:45 | Guard Tower |
| 10:48 | Guard Tower |
| 10:56 | Brilliance Aura |
| 11:12 | Guard Tower |
| 11:29 | Holy Light |
| 11:35 | Town Hall |
| 12:00 | Arcane Vault |
| 12:13 | Staff of Sanctuary |
| 12:49 | Boots of Speed |
| 12:54 | Healing Salve |
| 13:20 | Potion of Invisibility |
| 13:22 | Staff of Teleportation |
| 13:26 | Bash |
| 14:01 | Scout Tower |
| 14:01 | Scout Tower |
| 14:02 | Peasant |
| 14:03 | Peasant |
| 14:12 | Arcane Vault |
| 14:15 | Scout Tower |
| 14:15 | Scout Tower |
| 14:24 | Staff of Sanctuary |
| 14:34 | Orb of Lightning |
| 14:44 | Guard Tower |
| 14:47 | Scout Tower |
| 14:47 | Scout Tower |
| 14:53 | Imbued Masonry |
| 15:12 | Scout Tower |
| 15:13 | Scout Tower |
| 15:13 | Scout Tower |
| 15:13 | Scout Tower |
| 15:14 | Scout Tower |
| 15:14 | Scout Tower |
| 15:15 | Scout Tower |
| 16:01 | Peasant |
| 16:01 | Peasant |
| 16:01 | Peasant |
| 16:01 | Peasant |
| 16:02 | Peasant |
| 16:08 | Scout Tower |
| 16:08 | Scout Tower |
| 16:09 | Scout Tower |
| 16:09 | Scout Tower |
| 16:10 | Scout Tower |
| 16:11 | Scout Tower |
| 16:12 | Scout Tower |
| 16:16 | Divine Shield |
| 16:24 | Guard Tower |
| 16:27 | Staff of Sanctuary |
| 17:07 | Guard Tower |
| 17:07 | Guard Tower |
| 17:14 | Priest |
| 17:14 | Magic Sentry |
| 17:54 | Arcane Tower |
| 18:08 | Guard Tower |
| 18:09 | Guard Tower |
| 18:09 | Guard Tower |
| 18:10 | Scout Tower |
| 18:11 | Scout Tower |
| 18:11 | Scout Tower |
| 18:11 | Scout Tower |
| 18:51 | Potion of Mana |
| 18:52 | Potion of Healing |
| 19:20 | Guard Tower |
| 19:21 | Guard Tower |
| 19:43 | Altar of Kings |
| 19:44 | Farm |
| 19:44 | Farm |
| 19:56 | Guard Tower |
| 19:57 | Lumber Mill |
| 19:59 | Lumber Mill |
| 20:00 | Guard Tower |
| 20:04 | Guard Tower |
| 20:04 | Guard Tower |
| 20:57 | Farm |
| 21:05 | Scout Tower |
| 21:06 | Scout Tower |
| 21:06 | Scout Tower |
| 21:07 | Scout Tower |
| 21:07 | Scout Tower |
| 21:09 | Scout Tower |
| 21:09 | Scout Tower |
| 21:16 | Storm Bolt |
| 22:10 | Arcane Tower |
| 22:10 | Guard Tower |
| 22:32 | Holy Light |
| 22:47 | Guard Tower |
| 22:52 | Farm |
| 22:52 | Farm |
| 22:52 | Farm |
| 22:53 | Farm |
| 23:36 | Guard Tower |
| 23:36 | Guard Tower |
| 24:08 | Tiny Great Hall |
| 24:10 | Orb of Lightning |
| 24:28 | Arcane Vault |
| 24:34 | Blizzard |
| Right click | 2303 |
| Select | 760 |
| Select group | 327 |
| Build/train/purchase | 181 |
| Use ability | 93 |
| Misc. action | 37 |
| Assign group | 14 |
| Minimap ping | 13 |
| Item give/drop | 5 |
| Chat | 4 |


| Healing Salve | 4 | 400 |
| Lesser Clarity Potion | 1 | 70 |
| Orb of Lightning | 2 | 750 |
| Boots of Speed | 2 | 500 |
| Staff of Teleportation | 2 | 300 |
| Staff of Sanctuary | 1 | 250 |
| total: | 12 | 2270g |
| Peon | 16 | 1200 | / | 0 |
| Troll Batrider | 11 | 1760 | / | 440 |
| total: | 27 | 2960g | / | 440w |
| Watch Tower | 54 | 5940 | / | 4320 |
| Altar of Storms | 1 | 180 | / | 50 |
| Orc Burrow | 3 | 480 | / | 120 |
| War Mill | 1 | 205 | / | 0 |
| Voodoo Lounge | 3 | 390 | / | 90 |
| Great Hall | 2 | 770 | / | 370 |
| Beastiary | 5 | 725 | / | 700 |
| Stronghold | 1 | 315 | / | 190 |
| Fortress | 1 | 325 | / | 190 |
| total: | 69 | 8690g | / | 5650w |
| 0:02 | Peon |
| 0:02 | Peon |
| 0:05 | Altar of Storms |
| 0:17 | Orc Burrow |
| 0:33 | War Mill |
| 0:36 | Peon |
| 0:48 | Peon |
| 1:05 | Peon |
| 1:11 | Voodoo Lounge |
| 1:20 | Peon |
| 1:34 | Peon |
| 1:42 | Peon |
| 1:48 | Watch Tower |
| 2:02 | Orc Burrow |
| 2:06 | Wind Walk |
| 2:10 | Peon |
| 2:15 | Healing Salve |
| 2:19 | Watch Tower |
| 2:26 | Peon |
| 2:28 | Peon |
| 2:59 | Peon |
| 3:21 | Watch Tower |
| 3:23 | Stronghold |
| 3:28 | Voodoo Lounge |
| 3:31 | Voodoo Lounge |
| 3:40 | Boots of Speed |
| 3:52 | Staff of Teleportation |
| 4:14 | Watch Tower |
| 4:34 | Watch Tower |
| 4:45 | Watch Tower |
| 5:04 | Watch Tower |
| 5:23 | Orc Burrow |
| 5:29 | Healing Salve |
| 5:29 | Lesser Clarity Potion |
| 5:33 | Watch Tower |
| 6:00 | Reinforced Defenses |
| 6:05 | Beastiary |
| 6:50 | Hex |
| 6:59 | Beastiary |
| 7:02 | Watch Tower |
| 7:04 | Watch Tower |
| 7:07 | Watch Tower |
| 7:49 | Fortress |
| 7:53 | Beastiary |
| 8:03 | Critical Strike |
| 8:51 | Watch Tower |
| 8:53 | Watch Tower |
| 8:56 | Watch Tower |
| 8:59 | Watch Tower |
| 9:09 | Watch Tower |
| 9:14 | Spiked Barricades |
| 9:37 | Troll Batrider |
| 9:57 | Great Hall |
| 10:12 | Watch Tower |
| 10:13 | Watch Tower |
| 11:05 | Liquid Fire |
| 11:08 | Watch Tower |
| 11:17 | Troll Batrider |
| 11:33 | Watch Tower |
| 11:47 | Beastiary |
| 11:59 | Troll Batrider |
| 12:13 | Boots of Speed |
| 12:14 | Staff of Teleportation |
| 12:21 | Healing Wave |
| 12:51 | Troll Batrider |
| 13:02 | Healing Salve |
| 13:08 | Peon |
| 13:09 | Peon |
| 13:10 | Peon |
| 13:41 | Peon |
| 13:44 | Watch Tower |
| 14:04 | Watch Tower |
| 14:07 | Watch Tower |
| 14:17 | Watch Tower |
| 14:19 | Steel Ranged Weapons |
| 14:20 | Steel Armor |
| 14:35 | Orb of Lightning |
| 14:56 | Watch Tower |
| 15:01 | Troll Batrider |
| 15:55 | Troll Batrider |
| 15:59 | Watch Tower |
| 16:05 | Watch Tower |
| 16:21 | Beastiary |
| 16:23 | Watch Tower |
| 17:08 | Watch Tower |
| 17:22 | Wind Walk |
| 17:35 | Troll Batrider |
| 17:44 | Thorium Ranged Weapons |
| 18:16 | Staff of Sanctuary |
| 18:27 | Watch Tower |
| 19:07 | Troll Batrider |
| 19:25 | Troll Batrider |
| 19:48 | Watch Tower |
| 19:51 | Watch Tower |
| 19:52 | Thorium Armor |
| 19:53 | Improved Spiked Barricades |
| 19:56 | Healing Salve |
| 19:59 | Orb of Lightning |
| 20:10 | Watch Tower |
| 20:11 | Watch Tower |
| 20:12 | Watch Tower |
| 20:58 | Watch Tower |
| 21:02 | Great Hall |
| 21:11 | Healing Wave |
| 21:30 | Watch Tower |
| 21:31 | Watch Tower |
| 21:32 | Watch Tower |
| 21:59 | Watch Tower |
| 22:23 | Critical Strike |
| 22:24 | Troll Batrider |
| 23:33 | Hex |
| 23:37 | Troll Batrider |
| 23:44 | Watch Tower |
| 23:46 | Watch Tower |
| 23:47 | Watch Tower |
| 23:49 | Watch Tower |
| 23:50 | Watch Tower |
| 23:51 | Watch Tower |
| 23:53 | Watch Tower |
| 24:02 | Watch Tower |
| 24:18 | Arcanite Ranged Weapons |
| 24:18 | Arcanite Armor |
| 24:49 | Watch Tower |
| 24:52 | Watch Tower |
| 24:54 | Watch Tower |
| 24:55 | Watch Tower |
| 24:57 | Watch Tower |
| 24:58 | Watch Tower |
| Right click | 1593 |
| Select group | 489 |
| Select | 448 |
| Misc. action | 108 |
| Use ability | 102 |
| Build/train/purchase | 86 |
| Assign group | 23 |
| Minimap ping | 7 |
| Item give/drop | 1 |
| Esc | 1 |



| Lesser Clarity Potion | 2 | 140 |
| Orb of Venom | 1 | 325 |
| Potion of Healing | 4 | 600 |
| Potion of Mana | 2 | 400 |
| Staff of Preservation | 2 | 300 |
| Scroll of Town Portal | 2 | 700 |
| Boots of Speed | 3 | 750 |
| Staff of Teleportation | 1 | 150 |
| Circlet of Nobility | 2 | 350 |
| Periapt of Vitality | 1 | 325 |
| Healing Salve | 3 | 300 |
| Orb of Lightning | 2 | 750 |
| Staff of Sanctuary | 1 | 250 |
| Scroll of Regeneration | 1 | 100 |
| total: | 27 | 5440g |
| Wisp | 38 | 2280 | / | 0 |
| total: | 38 | 2280g | / | 0w |
| Altar of Elders | 1 | 180 | / | 50 |
| Moon Well | 12 | 2160 | / | 480 |
| Hunter's Hall | 1 | 210 | / | 100 |
| Ancient of Wonders | 1 | 90 | / | 30 |
| Tree of Life | 5 | 1700 | / | 925 |
| Tree of Ages | 2 | 640 | / | 360 |
| Tree of Eternity | 1 | 330 | / | 200 |
| total: | 20 | 4340g | / | 1585w |
| 0:01 | Wisp |
| 0:05 | Altar of Elders |
| 0:09 | Wisp |
| 0:17 | Moon Well |
| 0:21 | Wisp |
| 0:29 | Wisp |
| 0:39 | Wisp |
| 0:47 | Wisp |
| 1:16 | Wisp |
| 1:20 | Moon Well |
| 1:24 | Wisp |
| 1:40 | Wisp |
| 1:49 | Wisp |
| 1:56 | Wisp |
| 2:06 | Entangling Roots |
| 2:08 | Wisp |
| 3:05 | Wisp |
| 3:06 | Wisp |
| 3:41 | Tree of Ages |
| 3:59 | Moon Well |
| 5:11 | Boots of Speed |
| 5:39 | Moon Well |
| 5:55 | Healing Salve |
| 6:01 | Lesser Clarity Potion |
| 6:04 | Tree of Eternity |
| 6:17 | Hunter's Hall |
| 7:10 | Frost Arrows |
| 8:18 | Ultravision |
| 8:27 | Well Spring |
| 8:32 | Nature's Blessing |
| 8:34 | Wisp |
| 8:36 | Wisp |
| 9:02 | Moon Well |
| 9:11 | Wisp |
| 9:37 | Thorns Aura |
| 9:45 | Ancient of Wonders |
| 9:55 | Wisp |
| 9:55 | Wisp |
| 10:09 | Boots of Speed |
| 10:20 | Trueshot Aura |
| 10:47 | Tree of Life |
| 10:58 | Wisp |
| 10:58 | Wisp |
| 11:02 | Forked Lightning |
| 11:15 | Wisp |
| 11:30 | Healing Salve |
| 11:31 | Healing Salve |
| 11:36 | Lesser Clarity Potion |
| 11:39 | Orb of Lightning |
| 11:47 | Wisp |
| 11:48 | Wisp |
| 11:57 | Wisp |
| 12:26 | Orb of Venom |
| 12:55 | Wisp |
| 12:56 | Wisp |
| 12:56 | Wisp |
| 13:46 | Moon Well |
| 14:00 | Boots of Speed |
| 15:00 | Wisp |
| 15:01 | Wisp |
| 15:01 | Wisp |
| 15:59 | Entangling Roots |
| 16:00 | Searing Arrows |
| 16:11 | Staff of Teleportation |
| 16:14 | Circlet of Nobility |
| 16:29 | Moon Well |
| 16:38 | Orb of Lightning |
| 16:50 | Moon Well |
| 16:59 | Moon Well |
| 17:20 | Frost Arrows |
| 18:28 | Potion of Healing |
| 18:31 | Potion of Healing |
| 18:36 | Potion of Mana |
| 19:07 | Potion of Healing |
| 19:08 | Potion of Mana |
| 19:12 | Potion of Healing |
| 19:16 | Scroll of Town Portal |
| 19:34 | Staff of Sanctuary |
| 20:08 | Moon Well |
| 20:21 | Moon Well |
| 20:24 | Moon Well |
| 20:37 | Staff of Preservation |
| 20:40 | Scroll of Town Portal |
| 21:06 | Wisp |
| 21:06 | Wisp |
| 21:06 | Wisp |
| 22:21 | Searing Arrows |
| 22:41 | Forked Lightning |
| 22:55 | Scroll of Regeneration |
| 23:01 | Staff of Preservation |
| 23:12 | Tree of Life |
| 23:16 | Tree of Life |
| 23:20 | Tree of Life |
| 23:26 | Wisp |
| 23:26 | Wisp |
| 23:26 | Wisp |
| 23:26 | Wisp |
| 23:30 | Tree of Life |
| 24:30 | Thorns Aura |
| 24:46 | Periapt of Vitality |
| 24:46 | Circlet of Nobility |
| Right click | 1629 |
| Select group | 1368 |
| Assign group | 733 |
| Select | 338 |
| Resource trade | 282 |
| Build/train/purchase | 109 |
| Use ability | 87 |
| Misc. action | 37 |
| Item give/drop | 7 |
| Chat | 7 |
| Remove unit | 1 |
128 units @ 17.5k
/ 2k
64 buildings @ 9.4k
/ 4.2k


| Peasant | 13 | 975 | / | 0 |
| Footman | 5 | 675 | / | 0 |
| Rifleman | 10 | 2050 | / | 300 |
| Sorceress | 4 | 620 | / | 80 |
| Priest | 2 | 270 | / | 20 |
| Dragonhawk Rider | 7 | 1400 | / | 210 |
| Knight | 9 | 2205 | / | 540 |
| total: | 50 | 8195g | / | 1150w |
| Scout Tower | 2 | 60 | / | 40 |
| Arcane Tower | 1 | 70 | / | 50 |
| Guard Tower | 1 | 70 | / | 50 |
| Altar of Kings | 1 | 180 | / | 50 |
| Farm | 10 | 800 | / | 200 |
| Barracks | 2 | 320 | / | 120 |
| Blacksmith | 1 | 140 | / | 60 |
| Arcane Vault | 1 | 130 | / | 30 |
| Lumber Mill | 1 | 120 | / | 0 |
| Town Hall | 1 | 385 | / | 205 |
| Arcane Sanctum | 2 | 300 | / | 280 |
| Gryphon Aviary | 1 | 140 | / | 150 |
| Workshop | 1 | 140 | / | 140 |
| Keep | 1 | 320 | / | 210 |
| Castle | 1 | 360 | / | 210 |
| total: | 23 | 2715g | / | 1275w |
| 0:01 | Peasant |
| 0:10 | Altar of Kings |
| 0:15 | Peasant |
| 0:18 | Farm |
| 0:19 | Barracks |
| 0:32 | Peasant |
| 0:39 | Peasant |
| 0:49 | Farm |
| 1:02 | Peasant |
| 1:19 | Peasant |
| 1:21 | Footman |
| 1:25 | Peasant |
| 1:39 | Footman |
| 1:56 | Scout Tower |
| 2:00 | Footman |
| 2:19 | Peasant |
| 2:23 | Farm |
| 2:27 | Arcane Tower |
| 2:40 | Summon Water Elemental |
| 3:14 | Keep |
| 3:18 | Footman |
| 3:22 | Blacksmith |
| 3:37 | Arcane Vault |
| 3:51 | Footman |
| 4:14 | Defend |
| 4:30 | Farm |
| 5:34 | Farm |
| 6:26 | Arcane Sanctum |
| 6:30 | Arcane Sanctum |
| 6:33 | Peasant |
| 6:35 | Rifleman |
| 6:45 | Brilliance Aura |
| 6:50 | Holy Light |
| 6:59 | Farm |
| 7:02 | Rifleman |
| 7:24 | Peasant |
| 8:09 | Sorceress |
| 8:09 | Sorceress |
| 8:17 | Farm |
| 8:22 | Castle |
| 8:29 | Lumber Mill |
| 8:48 | Brilliance Aura |
| 9:13 | Devotion Aura |
| 9:15 | Priest |
| 9:16 | Priest |
| 9:18 | Rifleman |
| 9:20 | Long Rifles |
| 9:27 | Barracks |
| 9:49 | Priest Adept Training |
| 9:52 | Sorceress Adept Training |
| 9:53 | Improved Lumber Harvesting |
| 10:37 | Gryphon Aviary |
| 10:56 | Advanced Lumber Harvesting |
| 11:38 | Priest Master Training |
| 11:39 | Animal War Training |
| 11:40 | Improved Masonry |
| 11:44 | Iron Forged Swords |
| 11:44 | Iron Plating |
| 12:58 | Dragonhawk Rider |
| 13:05 | Town Hall |
| 13:08 | Peasant |
| 14:04 | Cloud |
| 15:00 | Dragonhawk Rider |
| 15:04 | Farm |
| 15:05 | Farm |
| 16:21 | Dragonhawk Rider |
| 16:33 | Knight |
| 16:35 | Steel Forged Swords |
| 16:35 | Steel Plating |
| 16:36 | Farm |
| 16:38 | Workshop |
| 17:37 | Knight |
| 17:38 | Knight |
| 17:59 | Devotion Aura |
| 18:39 | Summon Water Elemental |
| 19:09 | Dragonhawk Rider |
| 19:09 | Dragonhawk Rider |
| 19:09 | Dragonhawk Rider |
| 19:09 | Dragonhawk Rider |
| 19:32 | Knight |
| 19:33 | Knight |
| 19:48 | Peasant |
| 19:48 | Peasant |
| 21:05 | Rifleman |
| 21:05 | Rifleman |
| 22:23 | Holy Light |
| 22:55 | Rifleman |
| 22:56 | Rifleman |
| 23:10 | Scout Tower |
| 23:17 | Rifleman |
| 23:17 | Rifleman |
| 23:49 | Rifleman |
| 23:55 | Knight |
| 23:55 | Knight |
| 24:08 | Sorceress |
| 24:11 | Sorceress |
| 24:14 | Guard Tower |
| 24:40 | Knight |
| 24:54 | Knight |
| Right click | 1120 |
| Select | 819 |
| Select group | 478 |
| Misc. action | 156 |
| Build/train/purchase | 107 |
| Assign group | 52 |
| Use ability | 30 |
| Minimap ping | 3 |
| Esc | 1 |


| Healing Salve | 4 | 400 |
| Scroll of Speed | 5 | 250 |
| Orb of Lightning | 3 | 1125 |
| Lesser Clarity Potion | 5 | 350 |
| Scroll of Town Portal | 1 | 350 |
| Staff of Teleportation | 2 | 300 |
| Potion of Lesser Invulnerability | 1 | 150 |
| total: | 21 | 2925g |
| Peon | 10 | 750 | / | 0 |
| Grunt | 3 | 600 | / | 0 |
| Wind Rider | 5 | 1325 | / | 200 |
| Raider | 6 | 1080 | / | 240 |
| total: | 24 | 3755g | / | 440w |
| Watch Tower | 7 | 770 | / | 560 |
| Altar of Storms | 1 | 180 | / | 50 |
| Orc Burrow | 6 | 960 | / | 240 |
| Barracks | 1 | 180 | / | 50 |
| Voodoo Lounge | 1 | 130 | / | 30 |
| War Mill | 1 | 205 | / | 0 |
| Great Hall | 1 | 385 | / | 185 |
| Beastiary | 2 | 290 | / | 280 |
| Stronghold | 2 | 630 | / | 380 |
| Fortress | 1 | 325 | / | 190 |
| total: | 20 | 3100g | / | 1395w |
| 0:02 | Peon |
| 0:02 | Peon |
| 0:02 | Peon |
| 0:08 | Altar of Storms |
| 0:16 | Orc Burrow |
| 0:37 | Barracks |
| 0:44 | Peon |
| 0:54 | Peon |
| 1:02 | Peon |
| 1:30 | Orc Burrow |
| 1:38 | Grunt |
| 1:46 | Peon |
| 2:00 | Voodoo Lounge |
| 2:10 | Feral Spirit |
| 2:22 | Grunt |
| 3:05 | Healing Salve |
| 3:06 | Scroll of Speed |
| 3:28 | Stronghold |
| 3:39 | Grunt |
| 3:58 | Orc Burrow |
| 4:42 | Staff of Teleportation |
| 4:43 | Staff of Teleportation |
| 5:14 | Chain Lighting |
| 5:24 | War Mill |
| 5:55 | Peon |
| 6:25 | Peon |
| 6:30 | Orc Burrow |
| 6:46 | Healing Salve |
| 6:53 | Fortress |
| 7:05 | Scroll of Speed |
| 7:22 | Feral Spirit |
| 7:26 | War Stomp |
| 7:31 | Beastiary |
| 7:59 | Potion of Lesser Invulnerability |
| 8:31 | Beastiary |
| 8:35 | Wind Rider |
| 9:12 | Wind Rider |
| 9:14 | Steel Ranged Weapons |
| 9:14 | Thorium Ranged Weapons |
| 9:33 | Orb of Lightning |
| 9:34 | Scroll of Speed |
| 10:35 | Wind Rider |
| 10:37 | Envenomed Spears |
| 11:22 | Arcanite Ranged Weapons |
| 11:32 | Lesser Clarity Potion |
| 11:54 | Endurance Aura |
| 12:06 | Scroll of Speed |
| 12:11 | Wind Rider |
| 12:18 | Peon |
| 12:33 | Steel Armor |
| 12:33 | Thorium Armor |
| 12:51 | Lesser Clarity Potion |
| 12:59 | Reinforced Defenses |
| 13:45 | Wind Rider |
| 14:01 | Healing Salve |
| 14:01 | Lesser Clarity Potion |
| 14:13 | Healing Salve |
| 14:30 | Scroll of Town Portal |
| 14:38 | Orc Burrow |
| 15:11 | Orc Burrow |
| 16:07 | Watch Tower |
| 16:09 | Watch Tower |
| 16:13 | Raider |
| 16:14 | Pillage |
| 16:33 | Orb of Lightning |
| 16:34 | Orb of Lightning |
| 16:46 | Ensnare |
| 18:02 | Raider |
| 18:23 | Endurance Aura |
| 18:36 | Raider |
| 19:20 | Raider |
| 19:37 | Raider |
| 19:40 | Steel Melee Weapons |
| 19:40 | Thorium Melee Weapons |
| 19:50 | Lesser Clarity Potion |
| 19:50 | Lesser Clarity Potion |
| 19:52 | Scroll of Speed |
| 20:26 | Great Hall |
| 20:48 | Watch Tower |
| 20:52 | Watch Tower |
| 20:55 | Spiked Barricades |
| 20:59 | Watch Tower |
| 21:01 | Watch Tower |
| 22:07 | Watch Tower |
| 23:05 | War Stomp |
| 24:54 | Raider |
| 24:58 | Improved Spiked Barricades |
| Right click | 1358 |
| Select group | 1282 |
| Select | 416 |
| Build/train/purchase | 140 |
| Use ability | 41 |
| Misc. action | 21 |
| Assign group | 13 |
| Item give/drop | 5 |
| Remove unit | 1 |
| Minimap ping | 1 |


| Boots of Speed | 1 | 250 |
| total: | 1 | 250g |
| Peon | 39 | 2925 | / | 0 |
| Grunt | 3 | 600 | / | 0 |
| Shaman | 8 | 1040 | / | 160 |
| Tauren | 3 | 840 | / | 240 |
| Troll Witch Doctor | 1 | 145 | / | 25 |
| total: | 54 | 5550g | / | 425w |
| Altar of Storms | 1 | 180 | / | 50 |
| Orc Burrow | 10 | 1600 | / | 400 |
| Barracks | 2 | 360 | / | 100 |
| War Mill | 1 | 205 | / | 0 |
| Voodoo Lounge | 1 | 130 | / | 30 |
| Great Hall | 1 | 385 | / | 185 |
| Spirit Lodge | 3 | 450 | / | 450 |
| Tauren Totem | 2 | 270 | / | 310 |
| Stronghold | 2 | 630 | / | 380 |
| Fortress | 1 | 325 | / | 190 |
| total: | 21 | 3580g | / | 1525w |
| 0:10 | Peon |
| 0:10 | Peon |
| 0:10 | Peon |
| 0:39 | Peon |
| 0:56 | Altar of Storms |
| 1:04 | Peon |
| 1:09 | Orc Burrow |
| 1:25 | Barracks |
| 1:27 | Barracks |
| 1:42 | Orc Burrow |
| 2:02 | Peon |
| 2:02 | Peon |
| 2:03 | Peon |
| 2:17 | War Mill |
| 2:24 | Orc Burrow |
| 2:25 | Peon |
| 2:25 | Peon |
| 2:38 | Peon |
| 2:38 | Peon |
| 3:03 | Critical Strike |
| 3:14 | Peon |
| 3:29 | Peon |
| 3:32 | Grunt |
| 3:33 | Grunt |
| 3:48 | Stronghold |
| 4:05 | Steel Melee Weapons |
| 4:08 | Steel Armor |
| 4:27 | Orc Burrow |
| 5:03 | Voodoo Lounge |
| 5:22 | Orc Burrow |
| 5:25 | Orc Burrow |
| 5:30 | Grunt |
| 6:27 | Fortress |
| 6:35 | Spirit Lodge |
| 7:04 | Wind Walk |
| 7:23 | Thorium Melee Weapons |
| 7:23 | Thorium Armor |
| 8:06 | Orc Burrow |
| 8:24 | Shaman |
| 8:24 | Shaman |
| 8:24 | Shaman |
| 8:59 | Tauren Totem |
| 9:02 | Peon |
| 9:02 | Peon |
| 9:02 | Peon |
| 9:51 | Endurance Aura |
| 9:54 | Shaman Adept Training |
| 10:01 | Spirit Lodge |
| 10:08 | Spirit Lodge |
| 10:10 | Tauren Totem |
| 10:18 | Orc Burrow |
| 10:25 | Tauren |
| 11:35 | Peon |
| 11:36 | Peon |
| 11:36 | Peon |
| 11:36 | Peon |
| 11:36 | Peon |
| 11:36 | Peon |
| 11:36 | Peon |
| 11:41 | Orc Burrow |
| 11:47 | Shaman Master Training |
| 11:50 | Shaman |
| 11:50 | Shaman |
| 13:02 | Boots of Speed |
| 13:25 | Troll Witch Doctor |
| 13:36 | Pulverize |
| 13:42 | Shaman |
| 13:42 | Shaman |
| 14:12 | Wind Walk |
| 14:49 | Tauren |
| 14:50 | Tauren |
| 15:14 | Orc Burrow |
| 15:35 | War Stomp |
| 16:00 | Great Hall |
| 16:44 | Peon |
| 16:44 | Peon |
| 16:44 | Peon |
| 16:44 | Peon |
| 18:30 | Peon |
| 18:31 | Peon |
| 18:31 | Peon |
| 18:31 | Peon |
| 18:31 | Peon |
| 18:31 | Peon |
| 18:31 | Peon |
| 18:46 | Arcanite Melee Weapons |
| 18:52 | Shaman |
| 19:06 | Peon |
| 19:06 | Peon |
| 19:06 | Peon |
| 19:06 | Peon |
| 23:39 | Stronghold |
| Right click | 487 |
| Select | 321 |
| Build/train/purchase | 85 |
| Select group | 69 |
| Resource trade | 45 |
| Use ability | 31 |
| Assign group | 22 |
| Remove unit | 5 |
| Item give/drop | 1 |
⇛